 Dungeon Crawl Stone Soup version 0.17-a0-1625-g47e540b (webtiles) character file.

98273 mrath the Cleaver (level 15, -61/135 HPs)
             Began as a Minotaur Fighter on Aug 1, 2015.
             Was an Elder of Okawaru.
             Annihilated by a titanic slime creature (86 damage)
             ... on level 12 of the Dungeon on Aug 2, 2015.
             The game lasted 06:29:40 (39576 turns).

mrath the Cleaver (Minotaur Fighter)               Turns: 39576, Time: 06:29:40

Health: -61/135    AC: 29    Str: 25    XL:     15   Next: 74%
Magic:  21/21      EV: 12    Int:  5    God:    Okawaru [****..]
Gold:   1248       SH: 15    Dex: 12    Spells: 0 memorised, 14 levels left

rFire  . . .     SeeInvis +     a - +3 war axe (freeze)
rCold  . . .     Clarity  .     o - +3 plate armour {rPois}
rNeg   + . .     SustAt   .     c - +2 shield
rPois  +         Gourm    +     (helmet restricted)
rElec  .         Spirit   .     G - +2 cloak
rCorr  .         Warding  .     V - +2 pair of gloves {archery}
rMut   .         Stasis   .     x - +2 pair of boots {run}
MR     ++...                    Y - amulet of the gourmand
Stlth  ..........               W - ring of Shadows {Umbra +Inv rN+ SInv}
                                p - ring of protection from magic

@: wreathed by umbra, quick, very resistant to hostile enchantments, extremely
unstealthy
A: retaliatory headbutt, horns 2, subdued magic 1
a: Heroism, Renounce Religion, Evoke Invisibility


You were on level 12 of the Dungeon.
You worshipped Okawaru.
Okawaru was greatly pleased with you.
You were very full.

You visited 5 branches of the dungeon, and saw 26 of its levels.

You collected 2825 gold pieces.
You spent 1577 gold pieces at shops.

Inventory:

Hand weapons
 a - a +3 war axe of freezing (weapon)
 w - a +0 blowgun
 F - a +2 mace of protection
 P - a cursed -3 battleaxe
Missiles
 l - 4 exploding tomahawks
 u - 3 needles of paralysis
 y - 54 tomahawks (quivered)
 A - 5 javelins of penetration
 C - 21 poisoned needles
 M - 8 tomahawks of returning
Armour
 c - a +2 shield (worn)
 o - a +3 plate armour of poison resistance (worn)
 x - a +2 pair of boots of running (worn)
 G - a +2 cloak (worn)
 V - a +2 pair of gloves of archery (worn)
Jewellery
 m - an uncursed ring of positive energy
 p - a ring of protection from magic (left hand)
 J - a cursed amulet of inaccuracy {unknown}
 K - an uncursed amulet of resist corrosion
 O - an uncursed amulet of stasis
 R - an uncursed ring of ice
 S - an uncursed ring of fire
 W - the ring of Shadows (right hand) {Umbra +Inv rN+ SInv}
   (You bought it in a shop on level 4 of the Orcish Mines)

   [ring of invisibility]

   It protects you from negative energy.
   It lets you see invisible.
   It lets you turn invisible.
 Y - an amulet of the gourmand (around neck)
Magical devices
 h - a wand of digging (20)
 s - a wand of heal wounds (9)
 D - a wand of paralysis (11)
 E - a wand of lightning (12)
 N - a wand of slowing (10)
Scrolls
 f - 2 scrolls of blinking
 i - a scroll of identify
 j - 2 scrolls of magic mapping
 k - 7 scrolls of teleportation
 t - 3 scrolls of fear
 v - 9 scrolls of remove curse
 z - 4 scrolls of recharging
 I - a scroll of acquirement {unknown}
Potions
 d - 3 potions of heal wounds
 g - a potion of resistance
 n - 14 potions of curing
 r - 2 potions of lignification
 B - 2 potions of berserk rage
 L - a potion of flight
 Q - a potion of agility
Miscellaneous
 H - a phial of floods
 Z - a fan of gales
Comestibles
 b - 5 chunks of flesh
 e - 6 bread rations
 q - 9 meat rations


   Skills:
 + Level 13.0 Fighting
 + Level 14.6 Axes
 + Level 6.5 Throwing
 + Level 12.9 Armour
 + Level 11.3 Dodging
 + Level 12.9 Shields
 + Level 10.0 Invocations
 + Level 8.9 Evocations


You had 14 spell levels left.
You didn't know any spells.

Dungeon Overview and Level Annotations

Branches:
Dungeon (12/15)            Temple (1/1) D:5            Lair (8/8) D:10
 Shoals (0/4) Lair:4       Spider (0/4) Lair:4          Orc (4/4) D:11
    Elf (1/3) Orc:3
  Slime: Lair:6-8

Altars:
Ashenzari
Cheibriados
Dithmenos
Elyvilon
Fedhas
Gozag
Kikubaaqudgha
Makhleb
Nemelex Xobeh
Okawaru
Qazlal
Ru
Sif Muna
Trog
Vehumet
Xom
Yredelemnul
Zin
The Shining One
Beogh

Shops:
D:5 ?   D:11 **   Orc:2 [   Orc:4 =(*[

Annotations:
Lair:6 exclusion: 2 oklob plants


Innate Abilities, Weirdness & Mutations

You reflexively headbutt those who attack you in melee.
You have a pair of horns on your head.
Your spells are a little easier to cast, but a little less powerful.


Message History

You slash the titanic slime creature! You freeze the titanic slime creature.
You headbutt the titanic slime creature!
The titanic slime creature is heavily wounded.
The titanic slime creature barely misses you.
You furiously retaliate!
You headbutt the titanic slime creature!
You hit the titanic slime creature but do no damage.
You headbutt the titanic slime creature!
The titanic slime creature is heavily wounded.
The titanic slime creature barely misses you.
You slash the titanic slime creature! You freeze the titanic slime creature.
The titanic slime creature is severely wounded.
The titanic slime creature hits you!!!!
Ouch! That really hurt!
* * * LOW HITPOINT WARNING * * *
You slash the titanic slime creature! You freeze the titanic slime creature.
The titanic slime creature is severely wounded.
The titanic slime creature hits you!!!!
Ouch! That really hurt!
You die...

.......##>###
#...#.###.# #.....#
#.# #...### #.#
##....# #.# #)##.#
#.# # #[##.###.## .
#(##.##...#########
#
#.##.##........@JJ#
#.........#######.#
####.####.# #.#
#.####.## .J.
#........ ....
##### #########
...... ..<..
....J.. .....
#......## #####


You could see a titanic slime creature and a slime creature.

Vanquished Creatures
  Rupert (Lair:4)
  2 orc warlords
  Nessos (D:12)
  A deep elf annihilator (Elf:1)
  A deep elf high priest (Orc:3)
  Harold (Lair:1)
  The ghost of matakusis the Nimble, a powerful DsGl of Qazlal (Lair:1)
  10 hydras
  A dancing weapon (Elf:1)
  4 orc high priests
  10 death yaks (Lair:8)
  A deep elf knight (Elf:1)
  A small abomination (Elf:1)
  3 skeletal warriors (D:12)
  7 orc knights
  A hill giant (D:12)
  3 deep elf summoners (Elf:1)
  An ugly thing (D:11)
  2 deep elf conjurers (Elf:1)
  A manticore (D:11)
  5 orc sorcerers
  11 black mambas
  9 elephants (Lair:7)
  A griffon (Lair:7)
  30 spiny frogs
  2 cyclopes
  A torpor snail (Lair:5)
  8 komodo dragons
  3 deep elf priests (Elf:1)
  3 polar bears
  2 trolls
  2 fire drakes
  Grinder (D:6)
  3 giant leeches (Lair:8)
  34 blink frogs
  5 trapdoor spiders
  46 yaks
  A spriggan (D:7)
  A shadow (D:12)
  6 basilisks
  3 steam dragons
  9 hippogriffs
  5 deep elf fighters (Elf:1)
  A warg (Orc:4)
  3 hungry ghosts
  2 wyverns
  10 deep elf magi
  2 mottled dragons (Lair:8)
  18 wolves
  4 vampire mosquitoes
  14 water moccasins
  2 soldier ants
  49 orc warriors
  2 ice beasts
  A sky beast (D:6)
  8 porcupines
  A swamp drake (Lair:8)
  A phantom (D:12)
  A black bear (D:11)
  2 necrophages
  16 crocodiles
  9 centaurs
  7 ogres
  41 giant frogs
  2 big kobolds
  A wyvern zombie (D:9)
  14 killer bees
  A scorpion (D:6)
  4 electric eels (Lair:8)
  2 crimson imps
  A giant frog zombie (D:12)
  11 hounds
  5 jellies
  A wasp zombie (D:9)
  2 centaur zombies
  39 orc priests
  3 giant frog skeletons
  33 orc wizards
  Jessica (D:2)
  4 centaur skeletons
  Terence (D:2)
  12 iguanas
  A gnoll shaman (D:8)
  19 sheep
  9 worker ants
  A hound skeleton (D:5)
  A worker ant zombie (D:10)
  11 adders
  5 gnolls (D:8)
  50 river rats
  4 shadow imps
  2 adder zombies
  2 worms
  An adder skeleton (D:5)
  192 orcs
  A ball python (D:1)
  6 giant cockroaches
  6 goblins
  9 hobgoblins
  23 jackals
  16 kobolds
  4 quokkas
  13 bats
  4 giant geckos
  3 giant newts
  9 rats
  A crawling corpse (Elf:1)
  3 fungi
  2 plants
973 creatures vanquished.

Vanquished Creatures (others)
  An orc wizard (Orc:3)
  42 fungi
  36 plants
79 creatures vanquished.

Grand Total: 1052 creatures vanquished

Notes
Turn   | Place    | Note
--------------------------------------------------------------
     0 | D:1      | mrath the Minotaur Fighter began the quest for the Orb.
     0 | D:1      | Reached XP level 1. HP: 19/19 MP: 0/0
   202 | D:1      | Reached XP level 2. HP: 23/26 MP: 1/1
   434 | D:1      | Reached skill level 4 in Axes
   689 | D:1      | Reached XP level 3. HP: 31/31 MP: 2/2
  1085 | D:2      | Noticed Terence
  1091 | D:2      | Killed Terence
  1091 | D:2      | Reached skill level 5 in Axes
  1383 | D:2      | Noticed Jessica
  1388 | D:2      | Killed Jessica
  1388 | D:2      | Reached XP level 4. HP: 21/39 MP: 3/3
  2048 | D:3      | Reached skill level 6 in Axes
  2374 | D:3      | Reached XP level 5. HP: 45/45 MP: 4/4
  2992 | D:4      | Reached skill level 7 in Axes
  3460 | D:4      | Reached XP level 6. HP: 48/51 MP: 5/5
  3713 | D:4      | Reached skill level 8 in Axes
  3787 | D:5      | Entered Level 5 of the Dungeon
  3966 | D:5      | Reached skill level 9 in Axes
  4020 | D:5      | Found Weocip's Magic Scroll Shop.
  4222 | D:5      | Reached XP level 7. HP: 50/57 MP: 6/6
  4366 | D:5      | Found a staircase to the Ecumenical Temple.
  4377 | Temple   | Entered the Ecumenical Temple
  4459 | Temple   | Became a worshipper of Warmaster Okawaru
  4633 | D:5      | Reached skill level 1 in Dodging
  4930 | D:5      | Noticed a yak
  4931 | D:5      | Noticed a yak
  4931 | D:5      | Noticed a yak
  4931 | D:5      | Noticed a yak
  4932 | D:5      | Noticed a yak
  4992 | D:5      | Killed a yak
  4999 | D:5      | Killed a yak
  4999 | D:5      | Acquired Okawaru's first power
  4999 | D:5      | Reached XP level 8. HP: 36/66 MP: 7/7
  5008 | D:5      | Killed a yak
  5008 | D:5      | Reached skill level 5 in Fighting
  5008 | D:5      | Reached skill level 5 in Armour
  5011 | D:5      | Killed a yak
  5011 | D:5      | Reached skill level 5 in Shields
  5020 | D:5      | Killed a yak
  5786 | D:6      | Noticed Grinder
  5789 | D:6      | Paralysed by Grinder for 6 turns
  5802 | D:6      | Killed Grinder
  5802 | D:6      | Reached skill level 10 in Axes
  6153 | D:6      | Reached XP level 9. HP: 70/75 MP: 8/8
  6933 | D:6      | Found a blossoming altar of Fedhas.
  7026 | D:6      | Reached skill level 1 in Evocations
  7027 | D:6      | Reached skill level 1 in Invocations
  8624 | D:8      | Reached skill level 5 in Dodging
  8761 | D:8      | Noticed a centaur skeleton
  8776 | D:8      | Killed a centaur skeleton
  8779 | D:8      | Reached XP level 10. HP: 86/86 MP: 7/10
  9096 | D:8      | Found a bloodstained altar of Trog.
  9776 | D:9      | Found a stormy altar of Qazlal.
  9837 | D:9      | Reached skill level 11 in Axes
 10344 | D:10     | Entered Level 10 of the Dungeon
 10360 | D:10     | Found a staircase to the Lair.
 11292 | Lair:1   | Entered Level 1 of the Lair of Beasts
 11498 | Lair:1   | Noticed matakusis's ghost (powerful DsGl)
 11538 | Lair:1   | Killed matakusis's ghost
 11620 | Lair:1   | Acquired Okawaru's second power
 11681 | Lair:1   | Reached XP level 11. HP: 43/95 MP: 10/13
 12184 | Lair:1   | Reached skill level 5 in Invocations
 13401 | Lair:1   | Noticed Harold
 13439 | Lair:1   | Killed Harold
 13439 | Lair:1   | Received a gift from Okawaru
 13444 | Lair:1   | Got an ancient robe {god gift}
 13485 | Lair:1   | Identified the +1 robe of Ebeo {rC+} (Okawaru gifted it to you on level 1 of the Lair of Beasts)
 13646 | Lair:2   | Noticed a six-headed hydra
 13663 | Lair:2   | Killed a six-headed hydra
 13940 | Lair:2   | Reached skill level 12 in Axes
 14839 | Lair:3   | Noticed a six-headed hydra
 14856 | Lair:2   | Killed a six-headed hydra
 14856 | Lair:2   | Reached skill level 5 in Evocations
 14856 | Lair:2   | Reached XP level 12. HP: 56/105 MP: 12/15
 16091 | Lair:3   | Received a gift from Okawaru
 16092 | Lair:3   | Got a crude robe {god gift}
 16560 | Lair:3   | Identified the +1 robe of Honour {rPois rF+ Regen+} (Okawaru gifted it to you on level 3 of the Lair of Beasts)
 16633 | Lair:4   | Found a staircase to the Shoals.
 16637 | Lair:4   | Reached skill level 10 in Armour
 16870 | Lair:4   | Reached skill level 10 in Fighting
 16913 | Lair:4   | Reached skill level 10 in Shields
 16967 | Lair:4   | Noticed a seven-headed hydra
 16982 | Lair:4   | Killed a seven-headed hydra
 17259 | Lair:4   | Noticed a four-headed hydra
 17274 | Lair:4   | Killed a four-headed hydra
 17517 | Lair:4   | Found a hole to the Spider Nest.
 17709 | Lair:4   | Noticed Rupert
 17729 | Lair:4   | Killed Rupert
 18220 | Lair:5   | Noticed a seven-headed hydra
 18234 | Lair:5   | Killed a seven-headed hydra
 18236 | Lair:5   | Received a gift from Okawaru
 18509 | Lair:4   | Identified a +1 pair of boots of running (Okawaru gifted it to you on level 5 of the Lair of Beasts)
 18612 | Lair:5   | Reached XP level 13. HP: 83/114 MP: 17/17
 18983 | Lair:5   | Reached skill level 13 in Axes
 19900 | Lair:6   | Reached skill level 1 in Throwing
 21735 | Lair:7   | Received a gift from Okawaru
 22122 | Lair:7   | Upgraded the game from 0.17-a0-1617-gfba1302 to 0.17-a0-1625-g47e540b
 22523 | Lair:7   | Got a steaming morningstar
 22642 | Lair:7   | Identified the cursed +3 morningstar of Havoc {crush, MR- Int+9} (You found it on level 7 of the Lair of Beasts)
 23142 | Lair:8   | Entered Level 8 of the Lair of Beasts
 23336 | Lair:8   | Reached skill level 10 in Dodging
 23390 | Lair:8   | Received a gift from Okawaru
 23450 | Lair:8   | Reached XP level 14. HP: 101/124 MP: 19/19
 23767 | Lair:8   | Received a gift from Okawaru
 26088 | Lair:8   | Reached skill level 14 in Axes
 26490 | Lair:8   | Reached skill level 5 in Throwing
 27468 | D:11     | Found Nyusaal's Assorted Antiques.
 27482 | D:11     | Bought a scroll of identify for 68 gold pieces
 27624 | D:11     | Found a staircase to the Orcish Mines.
 27893 | D:11     | Found Dotir's Assorted Antiques.
 27906 | D:11     | Bought a scroll of enchant armour for 232 gold pieces
 28961 | Orc:1    | Entered Level 1 of the Orcish Mines
 29406 | Orc:1    | Found a roughly hewn altar of Beogh.
 30326 | Orc:2    | Found Tenuthe's Armour Boutique.
 30389 | Orc:2    | Found a roughly hewn altar of Beogh.
 30696 | Orc:3    | Noticed an orc warlord
 30725 | Orc:3    | Killed an orc warlord
 30850 | Orc:3    | Found a staircase to the Elven Halls.
 31909 | Orc:3    | Reached XP level 15. HP: 83/134 MP: 21/21
 32283 | Orc:3    | Found a roughly hewn altar of Beogh.
 32878 | Orc:4    | Entered Level 4 of the Orcish Mines
 33609 | Orc:4    | Found a bloodstained altar of Trog.
 34029 | Orc:4    | Received a gift from Okawaru
 34937 | Orc:4    | Gained mutation: Your spells are a little easier to cast, but a little less powerful. [a neqoxec]
 35247 | Orc:4    | Found Asouci's Antique Armour Shop.
 35248 | Orc:4    | Found Gittoh's Antique Weapon Shop.
 35253 | Orc:4    | Paralysed by an orc sorcerer for 5 turns
 35342 | Orc:4    | Found Yluvvy's General Store.
 35342 | Orc:4    | Found Korchalacs's Jewellery Boutique.
 35402 | Orc:4    | Bought a brightly glowing plate armour for 616 gold pieces
 35417 | Orc:4    | Bought the ring of Shadows {Umbra +Inv rN+ SInv} for 635 gold pieces
 35418 | Orc:4    | Bought a scroll of identify for 26 gold pieces
 35428 | Orc:4    | Identified the +4 plate armour "Koreh" {Int+2 Dex+4} (You bought it in a shop on level 4 of the Orcish Mines)
 35911 | Elf:1    | Entered Level 1 of the Elven Halls
 35949 | Elf:1    | Found a radiant altar of Vehumet.
 36659 | Elf:1    | Received a gift from Okawaru
 37415 | Elf:1    | HP: 1/134 [short sword of electrocution (17)]
 38588 | D:12     | Received a gift from Okawaru
 38947 | D:12     | Reached skill level 10 in Invocations
 39451 | D:12     | Noticed Nessos
 39469 | D:12     | Killed Nessos
 39576 | D:12     | Annihilated by a titanic slime creature

Vault maps used:
D:1:      evilmike_arrival_crescent
D:2:      first_bread, uniq_terence, uniq_jessica
D:4:      minmay_ruptured
D:5:      temple_doors_d, serial_shops, nicolae_shop_behind_doors
D:6:      lemuel_doored_altar, uniq_grinder
D:7:      the_bakery
D:8:      nrook_pool_corridor, trog_butcher_becter
D:9:      nicolae_qazlal_eye_of_the_storm
D:10:     minmay_lair_entry_lava
D:11:     orc_0_dummy, serial_shops, shop, shop
D:12:     gargoyle_guard, uniq_nessos
Temple:   kilobyte_greek_temple_18
Lair:1:   grunt_megastairs_1, uniq_harold
Lair:3:   bobbens_dragon_lair_wall
Lair:4:   elwin_shoals_entry_rocks, spider_nest_entry_webs,
          infiniplex_staircase_pool_2, uniq_rupert
Lair:5:   beast_lair_carwin_1
Lair:6:   minmay_slime_entry_oklob_open, serial_bayou_shore_b
Lair:7:   serial_forest, infiniplex_forest_lined_corner,
          infiniplex_forest_corner_1, infiniplex_forest_end_1,
          infiniplex_forest_side_room, infiniplex_forest_clump_C,
          infiniplex_forest_clump_double, infiniplex_forest_join,
          infiniplex_forest_clump_tiny, infiniplex_forest_lined_room_2,
          st_stairs_3, grunt_forest_large_clearing_hut
Lair:8:   minmay_lair_end_frog_pond, guppyfry_lair_drakes
Orc:1:    basic_altar, statue_in_the_mist_lemuel
Orc:2:    basic_altar, serial_shops, shop
Orc:3:    orc_temple, nicolae_orc_pool_cavern
Orc:4:    st_orc_congregation, basic_altar
Elf:1:    eino_elf_arrival_altar, hangedman_elven_crosses_minicolossus,
          nicolae_wwwww

Action                   |  1- 3 |  4- 6 |  7- 9 | 10-12 | 13-15 || total
-------------------------+-------+-------+-------+-------+-------++-------
Melee: War axe           |    60 |   204 |   296 |   673 |  1622 ||  2855
       Flail             |       |       |    33 |       |       ||    33
       Whip              |       |       |       |    94 |    49 ||   143
       Mace              |       |       |       |       |    28 ||    28
 Fire: Blowgun           |       |     4 |    14 |   120 |   528 ||   666
Throw: Stone             |       |    15 |    19 |     2 |       ||    36
       Tomahawk          |       |       |    20 |    47 |    74 ||   141
Invok: Heroism           |       |       |     4 |    11 |    31 ||    46
       Finesse           |       |       |       |       |     9 ||     9
Evoke: Wand              |       |       |       |       |     1 ||     1
  Use: Scroll            |     6 |     4 |     6 |    15 |    16 ||    47
       Potion            |     1 |       |     2 |       |     3 ||     6
 Stab: Fleeing           |       |       |       |     1 |       ||     1
       Distracted        |       |       |       |       |     2 ||     2
  Eat: Chunk             |     1 |     8 |     4 |    13 |    47 ||    73
       Fruit             |       |     1 |       |     4 |     3 ||     8
       Pizza             |       |     1 |       |     1 |       ||     2
       Bread ration      |       |       |     2 |     4 |     5 ||    11
       Beef jerky        |       |       |     1 |       |       ||     1
